 Dungeon Crawl Stone Soup version 0.19.4-8-ga85b6b9 (webtiles) character file.

132 protoss039 the Chopper (level 4, -2/41 HPs)
             Began as a Minotaur Berserker on Feb 7, 2017.
             Was a Priest of Trog.
             Slain by Sigmund
             ... wielding a +0 scythe
              (6 damage)
             ... on level 3 of the Dungeon.
             The game lasted 00:03:53 (1379 turns).

protoss039 the Chopper (Minotaur Berserker)         Turns: 1379, Time: 00:03:54

Health: -2/41      AC:  8    Str: 22    XL:     4   Next: 92%
Magic:  3/3        EV: 11    Int:  4    God:    Trog [***...]
Gold:   73         SH:  0    Dex: 10    Spells: 0 memorised, 3 levels left

rFire  . . .     SeeInvis .     a - +0 hand axe
rCold  . . .     Gourm    .     e - +0 ring mail
rNeg   . . .     Faith    .     (no shield)
rPois  .         Spirit   .     (helmet restricted)
rElec  .         Reflect  .     o - +0 cloak
rCorr  .         Harm     .     (no gloves)
MR     .....                    h - +0 pair of boots
Stlth  ..........               (no amulet)
                                (no ring)
                                (no ring)

@: no status effects
A: retaliatory headbutt, horns 2
a: Berserk, Trog's Hand, Burn Spellbooks, Renounce Religion


You were on level 3 of the Dungeon.
You worshipped Trog.
Trog was most pleased with you.
You were not hungry.

You visited 1 branch of the dungeon, and saw 3 of its levels.

You collected 73 gold pieces.

Inventory:

Hand Weapons
 a - a +0 hand axe (weapon)
Armour
 e - a +0 ring mail (worn)
 h - a +0 pair of boots (worn)
 o - a +0 cloak (worn)
Scrolls
 g - a scroll of remove curse {unknown}
 j - a scroll of immolation {unknown}
 n - a scroll of magic mapping {unknown}
 p - a scroll of fog {unknown}
 r - a scroll of identify {unknown}
 s - a scroll of enchant weapon {unknown}
Potions
 f - 2 potions of might {unknown}
 k - a potion of haste {unknown}
 l - a potion of agility {unknown}
 m - a potion of mutation {unknown}
 q - a potion of heal wounds {unknown}
Comestibles
 b - a slice of pizza
 c - a bread ration
 d - 6 chunks of flesh
 i - 2 beef jerkies


   Skills:
 * Level 4.5 Fighting
 * Level 5.8 Axes
 * Level 3.2 Armour
 + Level 2.3 Dodging


You had 3 spell levels left.
You didn't know any spells.

Dungeon Overview and Level Annotations

Branches:
Dungeon (3/15)

Altars:
Hepliaklqana
Kikubaaqudgha
Yredelemnul

Annotations:
D:3 1 runed door, Sigmund


Innate Abilities, Weirdness & Mutations

You reflexively headbutt those who attack you in melee.
You have a pair of horns on your head.


Message History

The human skeleton misses you. You furiously retaliate!
You headbutt the human skeleton! Something hits you!
Unknown command.
You slash the human skeleton!
You destroy the human skeleton!
Trog accepts your kill. Something hits you!
* * * LOW HITPOINT WARNING * * *
Unknown command.
You are too injured to fight recklessly!
Unknown command.
Press: ? - help, v - describe, . - travel
Here: a human (indifferent, fire blocked by a translucent stone wall)
The floor.
Something hits you.
* * * LOW HITPOINT WARNING * * *
Things that are here:
a dagger; a scroll labeled YBRYS DALIH; a kobold corpse You butcher the kobold corpse.
Something hits you.
You die...

##.........###........[#
#..........##...........
#......<...##...........
#...........#....[......
........................
........................
##..........#.##.......#
#........###.#.........
#.........> #.#.@.......
#..........##.#.........
..............{...#....
.................#####
.........## .#...###.#.
#...#p+.#._. #...##
.#...# #..... .#####


You could see a neutral human.

Vanquished Creatures
  A human skeleton (D:3)
  2 adders (D:2)
  3 worms (D:2)
  3 dart slugs
  2 leopard geckos
  5 bat zombies (D:2)
  3 giant cockroaches (D:1)
  7 goblins
  15 hobgoblins
  A ball python (D:1)
  6 bats
  2 frilled lizards (D:1)
  A goblin skeleton (D:3)
  8 kobolds
  7 rats
  A rat zombie (D:2)
67 creatures vanquished.

Notes
Turn   | Place    | Note
-------+----------+-------------------------------------------
     0 | D:1      | protoss039 the Minotaur Berserker began the quest for the Orb.
     0 | D:1      | Reached XP level 1. HP: 19/19 MP: 0/0
   118 | D:1      | Reached XP level 2. HP: 27/27 MP: 1/1
   489 | D:1      | Reached skill level 4 in Axes
   533 | D:1      | Reached ** piety under Trog
   777 | D:1      | Reached XP level 3. HP: 31/33 MP: 2/2
   873 | D:2      | Found a hazy altar of Hepliaklqana.
   944 | D:2      | Found an ancient bone altar of Kikubaaqudgha.
  1010 | D:2      | Reached XP level 4. HP: 41/41 MP: 3/3
  1012 | D:2      | Reached skill level 5 in Axes
  1178 | D:2      | Reached *** piety under Trog
  1363 | D:3      | Found a runed door.
  1363 | D:3      | Noticed a human
  1365 | D:3      | Noticed Sigmund
  1369 | D:3      | Found a basalt altar of Yredelemnul.
  1379 | D:3      | Slain by Sigmund

Skill      XL: |  1  2  3  4 |
---------------+-------------+-----
Fighting       | 4 |  4.5
Axes           | 4 5 |  5.8
Armour         | 3 |  3.2
Dodging        | |  2.3

Action                   |  1- 3 |  4- 6 || total
-------------------------+-------+-------++-------
Melee: Hand axe          |    98 |    35 ||   133
       Headbutt          |    14 |     5 ||    19
Invok: Berserk           |     1 |       ||     1
  Eat: Chunk             |       |     2 ||     2
Armor: Ring mail         |    50 |    13 ||    63
Dodge: Dodged            |    60 |    21 ||    81
